 Dungeon Crawl Stone Soup version 0.28.0 (webtiles) character file.

Game seed: 3068836146275903652

53 GreyFruit the Poker (level 3, -21/28 HPs)
             Began as a Merfolk Gladiator on Feb 12, 2022.
             Killed by an exploding Robin (26 damage)
             ... ignited by their inner flame
             ... on level 2 of the Dungeon.
             The game lasted 00:02:00 (1051 turns).

GreyFruit the Poker (Merfolk Gladiator)             Turns: 1051, Time: 00:02:03

Health: -21/28     AC:  4    Str: 16    XL:     3   Next: 87%
Magic:  3/3        EV: 13    Int:  7    God:
Gold:   54         SH:  0    Dex: 15    Spells: 2/2 levels left

rFire   . . .      SeeInvis .   a - +0 trident (flame)
rCold   . . .      Faith    .   (no shield)
rNeg    . . .      Spirit   .   b - +0 leather armour
rPois   .          Reflect  .   c - +0 helmet
rElec   .          Harm     .   (no cloak)
rCorr   .          Rampage  .   (no gloves)
Will    .....                   (no boots)
Stlth   +.........              (no amulet)
HPRegen 0.09/turn               (no ring)
MPRegen 0.08/turn               (no ring)

@: no status effects
A: (nimble swimmer 2), mertail
a: no special abilities


You were on level 2 of the Dungeon.
You visited 1 branch of the dungeon, and saw 2 of its levels.

You collected 54 gold pieces.

Inventory:

Hand Weapons
 a - a +0 trident of flaming (weapon)
Missiles
 d - 2 throwing nets (quivered)
Armour
 b - a +0 leather armour (worn)
 c - a +0 helmet (worn)


   Skills:
 + Level 2.7 Fighting
 + Level 5.9 Polearms
 + Level 2.0 Throwing
 + Level 0.2 Armour
 + Level 4.3 Dodging
 + Level 0.2 Stealth


You had 2 spell levels left.
You didn't know any spells.
Your spell library contained the following spells:

 Spells                   Type           Power      Damage    Failure   Level
 Sandblast                Erth           0%         2d4       50%         1
 Passwall                 Tmut/Erth      0%         N/A       65%         2
 Stone Arrow              Conj/Erth      0%         3d7       86%         3


Dungeon Overview and Level Annotations

Branches:
Dungeon (2/15)

Altars:


Innate Abilities, Weirdness & Mutations

((You are very nimble when in or above water. (Stealth+, EV+, Speed+++)))
Your lower body shifts to a powerful aquatic tail in water.


Message History

You are too injured to fight recklessly!
You are too injured to fight recklessly!
You are too injured to fight recklessly!
You are too injured to fight recklessly!
You are too injured to fight recklessly!
You are too injured to fight recklessly!
You are too injured to fight recklessly!
You are too injured to fight recklessly!
You hit Robin but do no damage.
Robin is moderately wounded.
Robin barely misses you. Robin hits you with a +0 mace!
* * * LOW HITPOINT WARNING * * *
You see here a rat corpse.
You aren't carrying any potions.
As you read the scroll labelled INISEO LIRPHEA, it crumbles to dust.
It is a scroll of brand weapon.
Your +0 trident is engulfed in flames!
a - a +0 trident of flaming (weapon)
Robin says, "My army is invincible!"
Unknown command.
As you read the scroll labelled AGUASS ACENTY, it crumbles to dust.
The creatures around you are filled with an inner flame!
It was a scroll of immolation.
Robin barely misses you.
Robin says, "My goblins will feast on your bones."
Robin says, "Duck!"
Throw: 3 throwing nets
Press: ? - help, Q - select action Shift-Dir - straight line, f - Robin
Aim: Robin, wielding a +0 mace, wearing a +0 animal skin and wearing a +2 helmet (moderately wounded, inner flame, 68% to hit)
You throw a throwing net. The throwing net hits Robin.
Robin is caught in the net!
Robin is moderately wounded.
Robin struggles against the net.
You hit Robin.
Flame seeps out of Robin.
You burn Robin.
Flame seeps out of Robin.
Robin is heavily wounded.
Robin is engulfed in blazing flames.
Robin explodes!
The fiery explosion engulfs you!!
Ouch! That really hurt!
You die...

##################
#§○§........†...<)
#@################
#.# #.# #.# #.#
#.# #.# #..


There were no monsters in sight!

Vanquished Creatures
  Robin (D:2)
  2 dart slugs (D:1)
  A ball python (D:1)
  An endoplasm (D:1)
  A giant cockroach (D:1)
  10 goblins
  10 hobgoblins
  2 quokkas (D:1)
  3 bats (D:1)
  4 frilled lizards (D:1)
  3 kobolds (D:1)
  6 rats
44 creatures vanquished.

Notes
Turn   | Place    | Note
-------+----------+-------------------------------------------
     0 | D:1      | GreyFruit the Merfolk Gladiator began the quest for the
                  | Orb.
     0 | D:1      | Reached XP level 1. HP: 16/16 MP: 1/1
    41 | D:1      | Reached XP level 2. HP: 22/22 MP: 2/2
   138 | D:1      | Reached skill level 5 in Polearms
   356 | D:1      | Reached XP level 3. HP: 28/28 MP: 3/3
   994 | D:2      | Noticed Robin
  1051 | D:2      | Killed Robin
  1051 | D:2      | Killed by an exploding Robin... ignited by their inner
                  | flame

Illustrated notes

Levels and vault maps discovered:
D:1:      dpeg_arrival_rooms_a, layout_basic
D:2:      layout_loops_ring, basic_altar, minmay_shallow_snake_nest,
          uniq_jessica, uniq_robin

Skill      XL: |  1  2 |
---------------+-------+-----
Polearms       | 5 |  5.9
Fighting       | |  2.7
Throwing       | |  2.0
Armour         | |  0.2
Dodging        | |  4.3
Stealth        | |  0.2

Action                   || total
-------------------------++-------
Melee: Trident           ||   113
Throw: Throwing net      ||     1
  Use: Scroll            ||     2
 Stab: Sleeping          ||     1
Armor: Leather armour    ||    25
Dodge: Dodged            ||    45
